 Dungeon Crawl Stone Soup version 0.25.0-9-g26727b657a (webtiles) character file.

Game seed: 7433606920522818675

(classic levelgen) 53 EnegeticOcto the Chiller (level 3, 9/24 HPs)
             Began as a Demonspawn Ice Elementalist on June 21, 2020.
             Quit the game on level 2 of the Dungeon.
             The game lasted 00:02:04 (1470 turns).

EnegeticOcto the Chiller (DsIE)                     Turns: 1470, Time: 00:02:04

Health: 9/24       AC:  4    Str:  8    XL:     3   Next: 64%
Magic:  0/6        EV: 12    Int: 17    God:
Gold:   51         SH:  0    Dex: 13    Spells: 2/6 levels left

rFire    . . .     SeeInvis .   (no weapon)
rCold    . . .     Gourm    .   (no shield)
rNeg     . . .     Faith    .   a - +0 robe
rPois    .         Spirit   .   (no helmet)
rElec    .         Reflect  .   (no cloak)
rCorr    .         Harm     .   (no gloves)
MR       .....                  (no boots)
Stlth    ++........             (no amulet)
HPRegen  0.08/turn              (no ring)
MPRegen  0.10/turn              (no ring)

@: lethally poisoned (9 -> -1)
A: thin metallic scales 1
a: no special abilities


You were on level 2 of the Dungeon.
You were hungry.

You visited 1 branch of the dungeon, and saw 2 of its levels.

You collected 51 gold pieces.

Inventory:

Armour
 a - a +0 robe (worn)
Jewellery
 d - a cursed -4 ring of slaying {unknown}
Scrolls
 c - a scroll of magic mapping {unknown}
 j - a scroll of identify {unknown}
 k - a scroll of teleportation {unknown}
Potions
 f - a potion of lignification {unknown}
 g - a potion of degeneration {unknown}
 h - a potion of heal wounds {unknown}
 i - a potion of might {unknown}
 l - a potion of berserk rage {unknown}
Comestibles
 b - a chunk of flesh
 e - 2 rations


   Skills:
 - Level 1.7 Dodging
 - Level 1.7 Stealth
 - Level 2.0 Spellcasting
 + Level 4.9 Ice Magic


You had 2 spell levels left.
You knew the following spells:

 Your Spells              Type           Power        Failure   Level  Hunger
a - Freeze                Ice            ###.         2%          1    #......
b - Frozen Ramparts       Ice            ###...       8%          3    ###....

Your spell library contained the following spells:

 Spells                   Type           Power        Failure   Level  Hunger
 Ozocubu's Armour         Chrm/Ice       ##......     22%         3    ###....
 Hailstorm                Conj/Ice       ##......     56%         4    #####..
 Summon Ice Beast         Ice/Summ       ##......     56%         4    #####..


Dungeon Overview and Level Annotations

Branches:
Dungeon (2/15)

Altars:


Innate Abilities, Weirdness & Mutations

You are partially covered in thin metallic scales. (AC +2)


Message History

Aim: a ball python (constricting you)
You miscast Freeze.
You are very lightly contaminated with residual magic.
Nothing appears to happen.
The ball python barely misses you. The ball python constricts you.
Casting: Freeze (safe; 2% risk of failure)
Confirm with . or Enter, or press ? or * to list all spells.
Aiming: Freeze (safe; 2% risk of failure)
Press: ? - help, Shift-Dir - straight line, f/p - ball python
Aim: a ball python (constricting you)
You freeze the ball python!
You kill the ball python!
The goblin hits you but does no damage.
Casting: Freeze (safe; 2% risk of failure)
Confirm with . or Enter, or press ? or * to list all spells.
Aiming: Freeze (safe; 2% risk of failure)
Press: ? - help, Shift-Dir - straight line, f - goblin
Aim: a goblin You freeze the goblin.
You kill the goblin!
Casting: Freeze (safe; 2% risk of failure)
Confirm with . or Enter, or press ? or * to list all spells.
Aiming: Freeze (safe; 2% risk of failure)
Press: ? - help, Shift-Dir - straight line, f - goblin
Aim: a goblin, wielding a -3 club You freeze the goblin.
You kill the goblin!
Casting: Freeze (safe; 2% risk of failure)
Confirm with . or Enter, or press ? or * to list all spells.
Aiming: Freeze (safe; 2% risk of failure)
Press: ? - help, Shift-Dir - straight line, f - kobold
Aim: a kobold You freeze the kobold.
You kill the kobold!
Your magical contamination has completely faded away.
You see here a cursed -3 club.
i - a bubbling amethyst potion
j - a scroll labeled UXZIEDW BESCHI
k - a scroll labeled AFONUB BUUPT
l - a dark potion A quokka and a kobold come into view.
The kobold shouts!
You hear a shout! x2
The kobold throws a stone.
The stone misses you.
You see here a stone.
There are monsters nearby!
The kobold throws a stone.
The stone hits you but does no damage.
You see here a stone.
The quokka bites you.
Casting: Freeze (safe; 2% risk of failure)
Confirm with . or Enter, or press ? or * to list all spells.
Aiming: Freeze (safe; 2% risk of failure)
Press: ? - help, Shift-Dir - straight line, f - quokka
Aim: a quokka You freeze the quokka.
You kill the quokka!
A gnoll comes into view. It is wielding a +0 whip of venom.
A gnoll comes into view. It is wielding a +0 spear.
The kobold closely misses you. The kobold hits you with a +0 club.
Casting: Freeze (safe; 2% risk of failure)
Confirm with . or Enter, or press ? or * to list all spells.
The spell is quite dangerous to cast (9% risk of failure)!
Continue anyway?
The walls around you are covered in ice.
The wall freezes the kobold.
The kobold closely misses you.
The wall freezes the gnoll.
The wall freezes the kobold.
You kill the kobold!
The wall freezes the gnoll. x2
The wall freezes the gnoll. x2
The wall freezes the gnoll. x2
The frozen ramparts melt away.
Casting: Frozen Ramparts (quite dangerous; 9% risk of failure)
Confirm with . or Enter, or press ? or * to list all spells.
The spell is quite dangerous to cast (9% risk of failure)!
Continue anyway?
The walls around you are covered in ice.
The wall freezes the gnoll.
The wall freezes the gnoll.
You kill the gnoll!
An adder comes into view.
Found 20 stones.
A rat comes into view.
The frozen ramparts melt away.
The adder bites you.
You are poisoned.
The adder poisons you!
Casting: Frozen Ramparts (quite dangerous; 8% risk of failure)
Confirm with . or Enter, or press ? or * to list all spells.
Aiming: Freeze (safe; 2% risk of failure)
Press: ? - help, Shift-Dir - straight line, f - adder
Aim: an adder You freeze the adder.
The adder is lightly wounded.
You are feeling hungry.
You feel sick.
The gnoll hits you from afar with a +0 spear.
The adder misses you. The adder bites you.
You are lethally poisoned!
The adder poisons you!
Are you sure you want to abandon this character and quit the game? (Confirm with "yes".)

...†..)...)..........##.#
#......
.....#.######........##.#
#...... #.#.##...
#........##.# ####### #
#. ##### ####.##### #.
#.#####.##### #.
###.....g.....# ..
....r...#.....# ..
#######r#.....# #.#@....#
#.S.....# ##......#
...##### ..(.# .....#
......# .....#.# #.....
..


You could see a gnoll and an adder.

Vanquished Creatures
  A gnoll (D:2)
  An ooze (D:1)
  5 leopard geckos
  2 bats (D:1)
  A giant cockroach (D:1)
  5 goblins
  5 hobgoblins (D:1)
  A quokka (D:2)
  A ball python (D:2)
  3 frilled lizards (D:1)
  5 kobolds
  A rat (D:1)
31 creatures vanquished.

Notes
Turn   | Place    | Note
-------+----------+-------------------------------------------
     0 | D:1      | EnegeticOcto the Demonspawn Ice Elementalist began the
                  | quest for the Orb.
     0 | D:1      | Reached XP level 1. HP: 13/13 MP: 3/3
   125 | D:1      | Reached skill level 4 in Ice Magic
   205 | D:1      | Gained mutation: You are partially covered in thin metallic
                  | scales. (AC +2) [demonic ancestry]
   205 | D:1      | Reached XP level 2. HP: 19/19 MP: 1/5
   695 | D:1      | Reached XP level 3. HP: 23/24 MP: 3/6
  1249 | D:1      | Learned a level 3 spell: Frozen Ramparts
  1470 | D:2      | Quit the game

Illustrated notes

Levels and vault maps discovered:
D:1:      kilobyte_arrival_exit_the_forest, layout_loops_cross
D:2:      layout_basic, nrook_loot_triangle, kennysheep_generic_room_14,
          uniq_sigmund

Skill      XL: |  1 |
---------------+----+-----
Ice Magic      | 4 |  4.9
Dodging        | |  1.7
Stealth        | |  1.7
Spellcasting   | |  2.0

Action                   || total
-------------------------++-------
Melee: Unarmed           ||     5
 Cast: Freeze            ||    42
       Frozen Ramparts   ||     2
  Eat: Chunk             ||     2
Armor: Robe              ||     7
Dodge: Dodged            ||    21
